AoeStats
← elsa.ml

Arabia

508895421Analyzed
2v2 RM · 9d ago on Sep 24, 2026· 49m 29s· 4 players
Game mode
Random Map
Map size
Medium (4 player)
Population
200
Speed
Normal
Resources
Standard
Victory
Conquest
Starting age
Dark Age
Ending age
Imperial Age
RankedLock teamsTeams togetherTeam positionsShared explorationLock speedFull tech treeHidden civsTurbo modeCheats
Victory
Defeat
🇨🇿 Romans · Czechia
964
+16
🇨🇿 Magyars · Czechia
946
+18
🇹🇷 Cumans · Türkiye
971
-17
🇹🇷 Goths · Türkiye
971
-17
Freager
10:52 Feudal Age
14:16 Loom
18:33 Castle Age
18:29 Double-Bit Axe
18:25 Horse Collar
18:42 Gold Mining
18:43 Stone Mining
19:39 Fletching
19:55 Scale Barding Armor
20:23 Bow Saw
23:55 Bodkin Arrow
25:12 Wheelbarrow
24:44 Heavy Plow
30:23 Fervor
30:49 Husbandry
33:12 Bloodlines
35:56 Imperial Age
33:15 Pikeman
35:39 Ballistics
35:16 Murder Holes
35:49 Ballistics
37:28 Conscription
37:13 Corvinian Army
38:29 Scale Mail Armor
38:51 Chain Barding Armor
39:19 Hand Cart
38:53 Town Watch
40:41 Light Cavalry
42:22 Plate Barding Armor
43:27 Chain Mail Armor
43:13 Bracer
42:36 Hussar
42:58 Halberdier
45:13 Heavy Cavalry Archer
46:19 Parthian Tactics
46:22 Arson
47:52 Cavalier
48:35 Padded Archer Armor
49:19 Gold Shaft Mining
49:45 Two-Man Saw
elsa.ml
4:00 Loom
11:05 Feudal Age
11:38 Horse Collar
13:19 Wheelbarrow
13:58 Scale Mail Armor
13:48 Fletching
14:45 Man-at-Arms
15:38 Double-Bit Axe
17:57 Forging
22:26 Castle Age
21:08 Scale Barding Armor
21:09 Town Watch
21:26 Gold Mining
22:25 Padded Archer Armor
22:49 Stone Mining
23:22 Bow Saw
24:07 Town Patrol
24:48 Pikeman
25:28 Squires
26:09 Elite Skirmisher
27:56 Chain Mail Armor
28:10 Long Swordsman
31:24 Iron Casting
39:30 Hand Cart
41:32 Chain Barding Armor
41:50 Ballistics
41:26 Murder Holes
41:30 Bodkin Arrow
44:05 Fervor
43:50 Herbal Medicine
46:29 Ballistas
48:46 Leather Archer Armor
skarmas1
11:46 Feudal Age
12:26 Double-Bit Axe
12:23 Horse Collar
14:24 Loom
16:40 Wheelbarrow
22:59 Forging
22:49 Scale Mail Armor
25:49 Castle Age
30:17 Bow Saw
31:04 Elite Skirmisher
32:21 Heavy Plow
32:39 Pikeman
33:19 Squires
33:38 Gold Mining
Solid1002
6:11 Loom
10:30 Feudal Age
11:21 Double-Bit Axe
11:27 Horse Collar
15:29 Bloodlines
21:48 Forging
23:37 Fletching
23:54 Scale Barding Armor
25:56 Castle Age
27:49 Iron Casting
28:25 Gold Mining
28:50 Bow Saw
28:44 Heavy Plow
29:53 Gold Shaft Mining
31:55 Chain Barding Armor
31:05 Light Cavalry
36:51 Imperial Age
36:26 Steppe Husbandry
37:56 Cavalier
40:26 Conscription
39:32 Hussar
45:06 Paladin
47:04 Wheelbarrow
48:21 Blast Furnace
Connection lost

Rejoining the realm…

Still unreachable

The connection could not be restored.

Session expired

The server has moved on; the page needs a fresh start.